 Dungeon Crawl Stone Soup version 0.14-a0-882-gdff4d47 (webtiles) character file.

80 4tharraofdagon the Firebug (level 3, 0/28 HPs)
             Began as a Naga Fire Elementalist on Nov 17, 2013.
             Slain by a gnoll shaman
             ... wielding a +0,+1 whip
              (6 damage)
             ... on Level 4 of the Dungeon.
             The game lasted 00:03:31 (392 turns).

4tharraofdagon the Firebug (Naga Fire Elementalist)  Turns: 392, Time: 00:03:31

HP   0/28        AC  5     Str 10      XL: 3   Next: 35%
MP   1/6         EV 10     Int 16      God:
Gold 45          SH  0     Dex 13      Spells:  2 memorised,  0 levels left

Res.Fire  : . . .   See Invis. : +   h - +0,+1 dwarf hand axe (curse)
Res.Cold  : . . .   Warding    : .   a - +0 robe
Life Prot.: . . .   Conserve   : .   (no shield)
Res.Poison: +       Res.Corr.  : .   l - +0 horned helmet
Res.Elec. : .       Clarity    : .   (no cloak)
Sust.Abil.: . .     Spirit.Shd : .   (no gloves)
Res.Mut.  : .       Stasis     : .   (no barding)
Res.Rott. : .       Flight     : .   (no amulet)
Saprovore : . . .                    (no ring)
                                     (no ring)

@: glowing, very slow, slightly resistant to hostile enchantments, unstealthy
A: spit poison, see invisible, deformed body, poison resistance, slowness 2,
wild magic 1, AC +3, Dex +2
a: Spit Poison


You were on level 4 of the Dungeon.
You were not hungry.

You visited 1 branch of the dungeon, and saw 5 of its levels.

You collected 45 gold pieces.

Inventory:

Hand weapons
 h - a cursed +0,+1 dwarven hand axe (weapon)
Armour
 a - a +0 robe (worn)
 l - a +0 horned helmet (worn)
Comestibles
 c - 2 bread rations
 i - a rotting chunk of adder flesh
Scrolls
 d - a scroll of identify {unknown}
Books
 b - a book of Flames

   Spells                             Type                      Level
   *Flame Tongue                      Conjuration/Fire             1
   Throw Flame                        Conjuration/Fire             2
   *Conjure Flame                     Conjuration/Fire             3
   Inner Flame                        Hexes/Fire                   3
   Sticky Flame                       Conjuration/Fire             4
   Fireball                           Conjuration/Fire             5
Carrion
 j - an adder skeleton


   Skills:
 - Level 1.5 Dodging
 - Level 3.0 Stealth
 + Level 1.4 Spellcasting
 * Level 2.1 Conjurations
 * Level 3.5 Fire Magic


You couldn't memorise any spells.
You knew the following spells:

 Your Spells              Type           Power        Failure   Level  Hunger
a - Flame Tongue          Conj/Fire      ###..        19%         1    ##.....
b - Conjure Flame         Conj/Fire      ###.....     34%         3    ####...


Dungeon Overview and Level Annotations

Branches:
Dungeon (5/16)
 Temple: D:4-7

Altars:


Innate Abilities, Weirdness & Mutations

You cannot wear boots.
You can spit poison.
Your serpentine skin is tough (AC +1).
You have supernaturally acute eyesight.
Armour fits poorly on your strangely shaped body.
Your system is resistant to poisons.
You cover ground very slowly.
You are partially covered in yellow scales (AC +2).
You are agile. (Dex +2)
Your spells are a little harder to cast, but a little more powerful.


Message History

* * * LOW HITPOINT WARNING * * *
The gnoll shaman invokes the aid of its god against you.
You are outlined in light.
Read which item? (? for menu, Esc to quit)
As you read the scroll labeled STAERE SCHUBUSHU, it crumbles to dust.
You assume a fearsome visage.
The gnoll shaman looks frightened!
The gnoll looks frightened!
It was a scroll of fear.
The gnoll shaman turns to fight!
Read which item? (? for menu, Esc to quit)
Okay, then.
Unknown command.
Read which item? (? for menu, Esc to quit)
As you read the scroll of fear, it crumbles to dust.
You assume a fearsome visage.
The gnoll looks frightened!
Unknown command.
Read which item? (? for menu, Esc to quit)
As you read the scroll labeled YDA PSEUSHAA, it crumbles to dust.
Use on which item? (\ to view known items) (? for menu, Esc to quit)
Nothing appears to happen.
The gnoll shaman hits you with a whip.
You die...

.........#..## ###
#.......+...# .g..
#.......#...#. ..g..
#.............
#......##.....g....####
#......g.#####§#......#
##.......# #§#.#.##.#
#.......# ##§#§...#.#
+......## #§g@§...#.#
#...... #§§§§...#.#
...... #.####..#.####.#
..... ..........>.....#
#.## ###.#####.########
#. #.# #. #.# . #.# #.#


You could see a gnoll shaman.

Vanquished Creatures
  A gnoll (D:4)
  An adder (D:2)
  An orc (D:3)
  A ball python (D:1)
  2 goblins (D:1)
  2 kobolds
  An ooze (D:1)
  A quokka (D:2)
  4 bats (D:1)
  2 giant newts
  A rat (D:3)
17 creatures vanquished.

Notes
Turn   | Place    | Note
--------------------------------------------------------------
     0 | D:1      | 4tharraofdagon, the Naga Fire Elementalist, began the quest for the Orb.
     0 | D:1      | Reached XP level 1. HP: 15/15 MP: 3/3
   154 | D:1      | Reached XP level 2. HP: 8/22 MP: 0/4
   309 | D:3      | Reached XP level 3. HP: 16/28 MP: 1/6
   314 | D:3      | Learned a level 3 spell: Conjure Flame
   340 | D:5      | Entered Level 5 of the Dungeon
   385 | D:4      | Gained mutation: You are partially covered in yellow scales (AC +2). [potion of mutation]
   385 | D:4      | Gained mutation: You are agile. (Dex +2) [potion of mutation]
   385 | D:4      | Gained mutation: Your spells are a little harder to cast, but a little more powerful. [potion of mutation]
   392 | D:4      | Slain by a gnoll shaman

Action                   || total
-------------------------++-------
Melee: Unarmed           ||     2
       Hand axe          ||     7
 Cast: Flame Tongue      ||    27
 Abil: Spit Poison       ||    15
  Use: Scroll            ||     6
       Potion            ||     1
